 Dungeon Crawl Stone Soup version 0.17.1-1-g73c8601 (webtiles) character file.

933 Glider the Changer (level 8, -6/48 HPs)
             Began as an Octopode Transmuter on Dec 29, 2015.
             Killed by divine providence
             ... invoked by an orc priest
              (12 damage)
             ... on level 4 of the Dungeon.
             The game lasted 00:23:26 (7433 turns).

Glider the Changer (Octopode Transmuter)            Turns: 7433, Time: 00:23:26

Health: -6/48      AC:  2    Str:  9    XL:     8   Next: 11%
Magic:  11/11      EV: 21    Int: 15    God:
Gold:   198        SH:  0    Dex: 20    Spells: 3 memorised, 3 levels left

rFire  . . .     SeeInvis .       - Unarmed
rCold  . . .     Clarity  .     (shield currently unavailable)
rNeg   . . .     SustAt   .     (helmet currently unavailable)
rPois  x         Gourm    .     (no amulet)
rElec  .         Spirit   .     (no ring)
rCorr  .         Warding  .     (no ring)
rMut   .         Stasis   .     (no ring)
MR     .....                    (no ring)
Stlth  ++........               (no ring)
                                (no ring)
                                (no ring)
                                (no ring)

@: spider-form, not resistant to hostile enchantments, unstealthy
A: almost no armour, amphibious, 8 rings, (constrict 8), (camouflage 0),
(gelatinous body 0)
a: End Transformation


You were on level 4 of the Dungeon.
You were hungry.
You were a venomous arachnid creature.
You visited 1 branch of the dungeon, and saw 4 of its levels.

You collected 198 gold pieces.

Inventory:

Hand Weapons
 k - a +4 dagger (melded)
 l - a +1 hand axe of venom
Missiles
 a - 30 arrows
 u - 15 poisoned arrows
Wands
 i - a wand of flame (18)
Scrolls
 d - 2 scrolls of enchant armour
 e - a scroll of magic mapping
 g - 3 scrolls of teleportation
 m - a scroll of fog {unknown}
 q - a scroll of amnesia {unknown}
 s - a scroll of fear {unknown}
 v - 2 scrolls of immolation {unknown}
 w - a scroll of blinking {unknown}
Potions
 f - 2 potions of brilliance
 j - 2 potions of invisibility
 n - a potion of flight
 o - a potion of might
 r - a potion of agility
 x - a potion of ambrosia
 z - a potion of heal wounds {unknown}
Books
 b - a book of Changes

   Spells                             Type                      Level
   a - Beastly Appendage              Transmutation                1
   b - Sticks to Snakes               Transmutation                2
   c - Spider Form                    Transmutation/Poison         3
   d - Ice Form                       Ice/Transmutation            4
   e - Blade Hands                    Transmutation                5
Comestibles
 c - 4 bread rations
 p - a slice of pizza
 t - 3 fruits
 A - 4 chunks of flesh


   Skills:
 - Level 1.0 Fighting
 * Level 2.6 Dodging
 * Level 4.6 Unarmed Combat
 - Level 2.0 Spellcasting
 - Level 7.0 Transmutations
 - Level 5.1 Poison Magic


You had 3 spell levels left.
You knew the following spells:

 Your Spells              Type           Power        Failure   Level  Hunger
a - Beastly Appendage     Trmt           ###...       6%          1    #......
b - Spider Form           Trmt/Pois      ###.......   17%         3    ###....
c - Ice Form              Ice/Trmt       ##......     75%         4    #####..


Dungeon Overview and Level Annotations

Branches:
Dungeon (4/15)
 Temple: D:4-7

Altars:
Gozag
Trog
Yredelemnul

Annotations:
D:4 Pikel


Innate Abilities, Weirdness & Mutations

You cannot wear most types of armour.
You are amphibious.
You can wear up to eight rings at the same time.
((You can use your tentacles to constrict eight enemies at once.))
((Your skin changes colour to match your surroundings (Stealth).))
((Your rubbery body absorbs attacks (AC +1).))


Message History

Pikel is lightly wounded.
Pikel misses you. The slave closely misses you.
An orc priest comes into view. It is wielding a whip.
You hit Pikel but do no damage.
Pikel is moderately wounded.
The slave hits you! The slave barely misses you.
Pikel hits you with a whip of electrocution.
The slave completely misses you.
You hit the slave but do no damage.
The slave is poisoned.
The slave misses you.
You hit the slave.
The slave looks even sicker.
The slave is moderately wounded.
The slave completely misses you.
The orc priest mumbles some strange prayers to Beogh against you.
Something smites you!
* * * LOW HITPOINT WARNING * * *
You hear a shout! x2
The orc priest invokes the aid of Beogh against you.
Something smites you!
You die...

##.##.##.###.###..########.#.###.
##.##.##.......#.... ............
#.....######.#.#.#########.#.####
#..#### #.#.#.#.......#.#.####
#..## #.#.#.#.#####.# #.....
#...# #.#.#.#.### #.# #.####
#.#.## #.#.#.#...# #.# #.....
#.#..#######.#.#.#...# #.# #.####
...........#...#s#...# #.# #.#
#.##.#####.#.###p#.### #.# #.# #.
#..# ...#.#...#.# #.# #)# #. ##.#
.#.#..K....## #.# ... #.#
.#..........# #.# #..
#.##.#.#.#.####.# #.# #.
#..#.#.#.po..##.# #.# #
#.####.#.#.#.#p..##.####.#
#........#...............#


You could see Pikel, 3 slaves and an orc priest.

Vanquished Creatures
  4 big kobolds (D:3)
  An ogre (D:3)
  An orc priest (D:3)
  A hound (D:4)
  An orc wizard (D:3)
  A giant frog zombie (D:4)
  Jessica (D:3)
  A centaur skeleton (D:4)
  A worker ant (D:4)
  8 gnolls (D:3)
  9 adders
  An ooze (D:1)
  An adder skeleton (D:4)
  6 worms
  4 giant geckos
  15 orcs
  9 giant cockroaches
  39 goblins
  32 hobgoblins
  4 jackals (D:2)
  2 quokkas (D:3)
  A ball python (D:4)
  2 bats (D:2)
  6 giant newts
  2 gnoll zombies (D:2)
  14 kobolds
  8 rats
175 creatures vanquished.

Notes
Turn   | Place    | Note
--------------------------------------------------------------
     0 | D:1      | Glider the Octopode Transmuter began the quest for the Orb.
     0 | D:1      | Reached XP level 1. HP: 13/13 MP: 3/3
   249 | D:1      | Reached XP level 2. HP: 18/18 MP: 5/5
   628 | D:1      | Reached skill level 4 in Unarmed Combat
   743 | D:1      | Reached XP level 3. HP: 20/23 MP: 6/6
   767 | D:1      | Learned a level 3 spell: Spider Form
  1117 | D:2      | Reached skill level 1 in Poison Magic
  1508 | D:2      | Found an opulent altar of Gozag.
  1515 | D:2      | Reached XP level 4. HP: 18/28 MP: 7/7
  2390 | D:2      | Found a basalt altar of Yredelemnul.
  3303 | D:3      | Reached XP level 5. HP: 29/33 MP: 8/8
  4272 | D:3      | Reached XP level 6. HP: 17/38 MP: 9/9
  4413 | D:3      | Noticed Jessica
  4417 | D:3      | Noticed a big kobold
  4420 | D:3      | Noticed a big kobold
  4420 | D:3      | Killed Jessica
  4452 | D:3      | Killed a big kobold
  4458 | D:3      | Killed a big kobold
  4458 | D:3      | Reached skill level 5 in Transmutations
  4659 | D:3      | Reached XP level 7. HP: 30/43 MP: 10/10
  4660 | D:3      | Noticed a big kobold
  4680 | D:3      | Killed a big kobold
  4957 | D:3      | Noticed a big kobold
  4967 | D:3      | Killed a big kobold
  4967 | D:3      | Reached skill level 6 in Transmutations
  4972 | D:3      | Reached skill level 5 in Poison Magic
  6163 | D:3      | Learned a level 4 spell: Ice Form
  6421 | D:3      | Found a bloodstained altar of Trog.
  6521 | D:3      | Reached skill level 7 in Transmutations
  6660 | D:4      | Reached XP level 8. HP: 25/48 MP: 11/11
  7399 | D:4      | Noticed Pikel
  7433 | D:4      | Killed from afar by an orc priest

Action                   |  1- 3 |  4- 6 |  7- 9 || total
-------------------------+-------+-------+-------++-------
Melee: Whip              |    31 |       |       ||    31
       Unarmed           |     1 |    41 |    65 ||   107
       Dagger            |    43 |   125 |   109 ||   277
 Cast: Spider Form       |       |     4 |     8 ||    12
 Abil: End Transformatio |       |     1 |       ||     1
  Use: Scroll            |       |     4 |     5 ||     9
 Stab: Sleeping          |     4 |     6 |     3 ||    13
       Distracted        |       |     1 |       ||     1
  Eat: Chunk             |     2 |    10 |    10 ||    22
